 Dungeon Crawl Stone Soup version 0.22.0-40-g68aacdc4c8 (webtiles) character file.

11520 Morbidden the Carver (level 11, -10/84 HPs)
             Began as a Demonspawn Gladiator on Sept 2, 2018.
             Was a High Priest of Okawaru.
             Mangled by a white ugly thing (14 damage)
             ... on level 12 of the Dungeon.
             The game lasted 00:32:19 (11103 turns).

Morbidden the Carver (Demonspawn Gladiator)        Turns: 11103, Time: 00:32:20

Health: -10/84     AC: 27    Str: 23    XL:     11   Next: 50%
Magic:  13/13      EV:  5    Int: 10    God:    Okawaru [*****.]
Gold:   507        SH:  0    Dex: 14    Spells: 10/10 levels left

rFire    . . .     SeeInvis .   G - +1 great sword (vamp)
rCold    . . .     Gourm    .   (shield currently unavailable)
rNeg     . . .     Faith    .   s - +4 crystal plate armour
rPois    +         Spirit   .   (helmet restricted)
rElec    .         Reflect  .   D - +0 cloak
rCorr    .         Harm     .   h - +0 pair of gloves
MR       .....                  w - +0 pair of boots
Stlth    ..........             c - amulet of the acrobat
HPRegen  0.24/turn              v - ring of poison resistance
MPRegen  0.13/turn              u - +5 ring of strength

@: no status effects
A: antennae 1, claws 2, foul stench 1, spiny 2, rot immunity
a: Heroism, Finesse, Renounce Religion


You were on level 12 of the Dungeon.
You worshipped Okawaru.
Okawaru was extremely pleased with you.
You were very hungry.

You visited 1 branch of the dungeon, and saw 12 of its levels.

You collected 716 gold pieces.
You spent 209 gold pieces at shops.

Inventory:

Hand Weapons
 G - a +1 vampiric great sword (weapon)
 I - a +0 scimitar
Missiles
 d - 3 throwing nets (quivered)
Armour
 h - a +0 pair of gloves (worn)
 s - a +4 crystal plate armour (worn)
 w - a +0 pair of boots (worn)
 z - the +0 shield of Qyah {-Tele Int+6 Dex+4}
   (You bought it in a shop on level 4 of the Dungeon)

   It affects your intelligence (+6).
   It affects your dexterity (+4).
   It prevents most forms of teleportation.
 D - a +0 cloak (worn)
Jewellery
 c - an amulet of the acrobat (around neck)
 e - an uncursed ring of protection from cold {unknown}
 u - a +5 ring of strength (right hand)
 v - a ring of poison resistance (left hand)
 F - an uncursed ring of protection from magic
Wands
 i - a wand of disintegration (11)
 C - a wand of paralysis (13)
 E - a wand of iceblast (6)
Scrolls
 a - 2 scrolls of identify
 b - a scroll of noise
 g - a scroll of fog
 j - 2 scrolls of remove curse
 q - 10 scrolls of teleportation
 x - 3 scrolls of amnesia
 y - a scroll of blinking
 H - a scroll of enchant weapon {unknown}
Potions
 k - a potion of magic
 l - 4 potions of brilliance
 m - 2 potions of mutation
 n - 3 potions of curing
 o - 2 potions of resistance
 r - a potion of berserk rage
 t - a potion of might
 B - 2 potions of heal wounds
Comestibles
 f - 24 rations


   Skills:
 + Level 7.5 Fighting
 * Level 12.1 Long Blades
 - Level 1.7 Throwing
 + Level 8.0 Armour
 + Level 3.4 Dodging
 + Level 4.3 Shields
 * Level 3.6 Invocations


You had 10 spell levels left.
You didn't know any spells.
Your spell library contained the following spells:

 Spells                   Type           Power        Failure   Level  Hunger
 Infusion                 Chrm           #...         100%        1    ##.....
 Shock                    Conj/Air       #...         100%        1    ##.....
 Sting                    Conj/Pois      #...         100%        1    ##.....
 Poisonous Vapours        Pois/Air       #.....       100%        2    ###....
 Shroud of Golubria       Chrm/Tloc      #.........   100%        2    ###....
 Song of Slaying          Chrm           #.......     100%        2    ###....
 Swiftness                Chrm/Air       #.......     100%        2    ###....
 Mephitic Cloud           Conj/Pois/Air  #.......     100%        3    ####...
 Regeneration             Chrm/Necr      #.........   100%        3    ####...
 Spectral Weapon          Hex/Chrm       #.......     100%        3    ####...
 Static Discharge         Conj/Air       #.......     100%        3    ####...
 Airstrike                Air            #.........   100%        4    #####..
 Olgreb's Toxic Radiance  Pois           #.......     100%        4    #####..
 Lightning Bolt           Conj/Air       #.........   100%        5    ######.
 Venom Bolt               Conj/Pois      #.........   100%        5    ######.


Dungeon Overview and Level Annotations

Branches:
Dungeon (12/15)            Temple (0/1) D:7            Lair (0/6) D:10
    Orc: D:9-12

Altars:
Elyvilon
Okawaru
Qazlal
Sif Muna
Vehumet
Wu Jian
Xom

Shops:
D:4 *%   D:6 ?   D:7 !

Portals:
Trove: D:11 (show abyssal rune of Zot)

Annotations:
D:7 exclusion: statue


Innate Abilities, Weirdness & Mutations

You have a pair of small antennae on your head.
You have very sharp fingernails.
You may emit foul miasma when damaged in melee.
You are mostly covered in sharp spines.
You are immune to rotting.


Message History

The white ugly thing is struck by your spines.
The white ugly thing trunk-slaps you but does no damage.
The ogre is struck by your spines. The ogre barely misses you.
The orc hits you but does no damage.
The orc looks sick.
You hit the white ugly thing but do no damage.
The white ugly thing is severely wounded.
The white ugly thing is struck by your spines.
The white ugly thing trunk-slaps you. The white ugly thing freezes you!!
* * * LOW HITPOINT WARNING * * *
The ogre hits you with a giant spiked club.
* * * LOW HITPOINT WARNING * * *
You emit a cloud of foul miasma!
The orc is struck by your spines.
You kill the orc!
Okawaru accepts your kill.
An orc comes into view. It is wielding a dagger.
The white ugly thing is struck by your spines.
The white ugly thing trunk-slaps you.
* * * LOW HITPOINT WARNING * * *
The white ugly thing freezes you!
You die...

#................
o...######..#####.. ....# #..#
#.. ..o.# #..# #.. ........# #..#
#.. o..##..# #..# #.. #...#..#
#.. #.# #...#uO# #.. #.#
#...#@.######..#####.#
#...#)....<..........#
#...#................#
#...'.....#####......#
...........#...#.....#...#.......
...........#...#.....#...#...####
...........#...#.....#...#[..# ..
...........#####.....#...#...#...
.....................#...#...#...


You could see a white ugly thing, an ogre and 2 orcs.

Vanquished Creatures
  Harold (D:7)
  A vault guard (D:11)
  A two-headed ogre (D:8)
  Nergalle (D:11)
  An unseen horror (D:10)
  A centaur skeleton (D:10)
  A komodo dragon (D:10)
  A hornet (D:7)
  A troll (D:11)
  2 hippogriffs
  A shadow (D:12)
  2 hogs (D:8)
  3 wyverns
  6 yaks
  A human (D:8)
  A steam dragon (D:8)
  A water moccasin (D:8)
  4 orc warriors
  A phantom (D:12)
  3 sky beasts
  A black bear (D:9)
  3 ogres
  5 centaurs (D:11)
  7 bullfrogs
  4 scorpions
  16 killer bees (D:10)
  5 howler monkeys
  7 crimson imps
  A bullfrog zombie (D:9)
  3 centaur zombies
  5 orc priests
  9 hounds
  3 jellies
  9 orc wizards
  5 iguanas
  7 worker ants
  2 hound skeletons
  A howler monkey zombie (D:6)
  A howler monkey skeleton (D:9)
  13 adders
  2 shadow imps
  3 adder skeletons
  4 worms
  2 dart slugs
  8 leopard geckos
  24 orcs
  A ball python (D:6)
  10 bats
  3 giant cockroaches
  8 goblins
  4 hobgoblins
  9 jackals
  5 kobolds
  2 quokkas
  6 frilled lizards
  3 leopard gecko zombies
  11 rats
246 creatures vanquished.

Notes
Turn   | Place    | Note
-------+----------+-------------------------------------------
     0 | D:1      | Morbidden the Demonspawn Gladiator began the quest for the Orb.
     0 | D:1      | Reached XP level 1. HP: 16/16 MP: 1/1
    38 | D:1      | Reached skill level 3 in Long Blades
   121 | D:1      | Gained mutation: You are partially covered in sharp spines. [demonic ancestry]
   121 | D:1      | Reached XP level 2. HP: 22/22 MP: 2/2
  1181 | D:2      | Gained mutation: You are immune to rotting. [demonic ancestry]
  1181 | D:2      | Reached XP level 3. HP: 19/27 MP: 3/3
  1579 | D:2      | Reached skill level 4 in Long Blades
  2087 | D:2      | Found an iron altar of Okawaru.
  2099 | D:2      | Became a worshipper of Warmaster Okawaru
  2508 | D:3      | Reached skill level 1 in Invocations
  2508 | D:3      | Reached XP level 4. HP: 33/33 MP: 4/4
  3333 | D:4      | Found Loumegil's Assorted Antiques.
  3417 | D:4      | Reached skill level 5 in Long Blades
  3417 | D:4      | Gained mutation: You have sharp fingernails. [demonic ancestry]
  3417 | D:4      | Reached XP level 5. HP: 37/38 MP: 6/6
  3492 | D:4      | Found Xehubut's Food Shoppe.
  4066 | D:5      | Entered Level 5 of the Dungeon
  4079 | D:5      | Noticed a sky beast
  4122 | D:5      | Killed a sky beast
  4122 | D:5      | Reached skill level 1 in Armour
  4259 | D:5      | Gained mutation: You have a pair of small antennae on your head. [demonic ancestry]
  4259 | D:5      | Reached XP level 6. HP: 44/44 MP: 7/7
  4484 | D:5      | Reached * piety under Okawaru
  4484 | D:5      | Reached skill level 6 in Long Blades
  5260 | D:6      | Reached XP level 7. HP: 46/50 MP: 8/8
  5267 | D:6      | Found an ornate altar of the Wu Jian Council.
  5298 | D:6      | Found a deep blue altar of Sif Muna.
  5454 | D:6      | Found Leaxtausoh's Magic Scroll Shop.
  5505 | D:6      | Reached skill level 7 in Long Blades
  5537 | D:6      | Found a white marble altar of Elyvilon.
  5609 | D:6      | Got a crude dagger
  5610 | D:6      | Identified the +5 dagger of Law {pain, *Slow Dex+6} (You found it on level 6 of the Dungeon)
  5828 | D:7      | Reached ** piety under Okawaru
  5833 | D:7      | Noticed Harold
  5886 | D:7      | Killed Harold
  5886 | D:7      | Reached skill level 8 in Long Blades
  5886 | D:7      | Reached XP level 8. HP: 36/60 MP: 6/9
  5953 | D:7      | Found a staircase to the Ecumenical Temple.
  6042 | D:7      | Reached skill level 9 in Long Blades
  6085 | D:7      | Found a radiant altar of Vehumet.
  6096 | D:7      | Found Ferem's Distillery.
  6160 | D:7      | Found a deep blue altar of Sif Muna.
  6466 | D:7      | Noticed a hornet
  6474 | D:7      | Killed a hornet
  6474 | D:7      | Gained mutation: You may emit foul miasma when damaged in melee. [demonic ancestry]
  6474 | D:7      | Reached XP level 9. HP: 64/66 MP: 10/10
  6785 | D:7      | Reached *** piety under Okawaru
  6966 | D:4      | Bought a brightly glowing shield for 209 gold pieces
  6971 | D:4      | Identified the +0 shield of Qyah {-Tele Int+6 Dex+4} (You bought it in a shop on level 4 of the Dungeon)
  7129 | D:8      | Noticed a two-headed ogre
  7339 | D:8      | Reached skill level 5 in Fighting
  7347 | D:8      | Reached skill level 5 in Armour
  7361 | D:8      | Reached skill level 10 in Long Blades
  7412 | D:8      | Killed a two-headed ogre
  7412 | D:8      | Reached **** piety under Okawaru
  7416 | D:8      | Gained mutation: You have very sharp fingernails. [demonic ancestry]
  7416 | D:8      | Reached XP level 10. HP: 76/76 MP: 9/12
  7468 | D:8      | Reached skill level 1 in Shields
  8043 | D:9      | Found a shimmering altar of Xom.
  8240 | D:9      | Found a stormy altar of Qazlal.
  8313 | D:9      | Found Buprarph's General Store.
  8591 | D:10     | Entered Level 10 of the Dungeon
  8608 | D:10     | Reached ***** piety under Okawaru
  9751 | D:10     | Reached skill level 11 in Long Blades
  9788 | D:10     | Killed an unseen horror
  9788 | D:10     | Gained mutation: You are mostly covered in sharp spines. [demonic ancestry]
  9788 | D:10     | Reached XP level 11. HP: 75/84 MP: 13/13
  9847 | D:10     | Found a staircase to the Lair.
 10136 | D:11     | Noticed a vault guard
 10148 | D:11     | Killed a vault guard
 10148 | D:11     | Received a gift from Okawaru
 10642 | D:11     | Noticed Nergalle
 10654 | D:11     | Killed Nergalle
 10686 | D:11     | Found a portal to a secret trove of treasure.
 11008 | D:12     | Received a gift from Okawaru
 11008 | D:12     | Reached skill level 12 in Long Blades
 11092 | D:12     | Noticed a white ugly thing
 11103 | D:12     | HP: 4/84 [white ugly thing (3)]
 11103 | D:12     | Mangled by a white ugly thing

Skill      XL: |  1  2  3  4  5  6  7  8  9 10 11 |
---------------+----------------------------------+-----
Long Blades    | 3 4 5 6 8 9 10 11 12 | 12.1
Invocations    | 1 2 3 |  3.6
Armour         | 1 3 4 6 7 8 |  8.0
Fighting       | 3 4 6 7 |  7.5
Shields        | 3 4 |  4.3
Dodging        | 3 |  3.4
Throwing       | |  1.7

Action                   |  1- 3 |  4- 6 |  7- 9 | 10-12 || total
-------------------------+-------+-------+-------+-------++-------
Melee: Long sword        |    81 |   160 |    38 |       ||   279
       Dagger            |       |       |   267 |   112 ||   379
       Punch             |       |       |     1 |       ||     1
       Scimitar          |       |       |       |   174 ||   174
       Great sword       |       |       |       |   102 ||   102
Invok: Heroism           |       |     1 |     7 |       ||     8
Evoke: Wand              |       |       |     3 |       ||     3
  Use: Potion            |       |     4 |     3 |     2 ||     9
       Scroll            |       |    12 |     2 |    11 ||    25
 Stab: Sleeping          |       |     1 |       |       ||     1
       Paralysed         |       |       |     1 |       ||     1
  Eat: Chunk             |     4 |     9 |     8 |     2 ||    23
       Ration            |       |       |       |     4 ||     4
Armor: Leather armour    |    17 |     2 |       |       ||    19
       Crystal plate arm |       |    90 |   152 |   282 ||   524
       Skin              |       |    19 |       |   109 ||   128
Dodge: Dodged            |    60 |    33 |    28 |   102 ||   223
Block: Shield            |       |       |    15 |   179 ||   194
       Rpst.: Long sword |    19 |     7 |       |       ||    26
       Scimitar          |       |       |       |    12 ||    12
       Great sword       |       |       |       |     7 ||     7
